 Dungeon Crawl Stone Soup version 0.26-a0-43-g20b394cb32 (webtiles) character file.

Game seed: 17910001015000312109

44 Harbin the Vandal (level 3, 0/24 HPs)
             Began as a Halfling Hunter on June 2, 2020.
             Was a Plaything of Xom.
             Slain by an adder (5 damage)
             ... on level 3 of the Dungeon.
             The game lasted 00:10:34 (1629 turns).

Harbin the Vandal (Halfling Hunter)                 Turns: 1629, Time: 00:10:36

Health: 0/24       AC:  3    Str: 13    XL:     3   Next: 85%
Magic:  3/3        EV: 15    Int: 10    God:    Xom [..*...]
Gold:   51         SH:  0    Dex: 14    Spells: 2/2 levels left

rFire    . . .     SeeInvis .   s - +0 dagger
rCold    . . .     Gourm    .   (shield restricted)
rNeg     . . .     Faith    .   j - +0 leather armour
rPois    .         Spirit   .   (no helmet)
rElec    .         Reflect  .   (no cloak)
rCorr    .         Harm     .   (no gloves)
MR       .....                  (no boots)
Stlth    ++........             l - amulet of inaccuracy (curse)
HPRegen  0.08/turn              h - ring of wizardry
MPRegen  0.08/turn              (no ring)

@: lethally poisoned (0 -> -8)
A: small, mutation resistance 1
a: Renounce Religion


You were on level 3 of the Dungeon.
You worshipped Xom.
You were a toy of Xom.
You were not hungry.

You visited 1 branch of the dungeon, and saw 4 of its levels.

You collected 51 gold pieces.

Inventory:

Hand Weapons
 a - a +1 hunting sling
 b - a +0 short sword
 s - a +0 dagger (weapon)
Missiles
 d - 32 sling bullets
 e - 38 stones (quivered)
 m - 17 poisoned darts
 q - 6 arrows
 r - 21 bolts
Armour
 c - a +0 leather armour
 j - a +0 leather armour (worn)
 v - a +0 leather armour
Jewellery
 h - a ring of wizardry (left hand)
 l - a cursed amulet of inaccuracy (around neck)
Scrolls
 k - 4 scrolls of identify
 t - a scroll of noise
Potions
 g - a potion of heal wounds
 o - a potion of brilliance {unknown}
 p - a potion of flight {unknown}
 u - 2 potions of mutation {unknown}
Comestibles
 f - 2 rations


   Skills:
 + Level 2.2 Fighting
 + Level 1.4 Short Blades
 + Level 6.2 Slings
 + Level 2.7 Dodging
 + Level 2.0 Stealth


You had 2 spell levels left.
You didn't know any spells.
Your spell library was empty.

Dungeon Overview and Level Annotations

Branches:
Dungeon (4/15)
 Temple: D:4-7

Altars:
Xom


Innate Abilities, Weirdness & Mutations

You are small and have problems with some larger weapons.
You are somewhat resistant to further mutation.


Message History

Throwing (i - inventory. (/) - cycle)
e - 40 stones (quivered)
Press: ? - help, Shift-Dir - straight line, f/p - adder
Aim: an adder (lightly wounded)
You throw a stone.
The stone hits the adder but does no damage.
The adder is lightly wounded.
The adder bites you. x2
You are lethally poisoned!
The adder poisons you! The adder bites you but does no damage.
Throwing (i - inventory. (/) - cycle)
e - 39 stones (quivered)
Press: ? - help, Shift-Dir - straight line, f/p - adder
Aim: an adder (lightly wounded)
You throw a stone.
The stone hits the adder but does no damage.
The adder is lightly wounded.
You feel sick. The adder bites you.
* * * LOW HITPOINT WARNING * * *
The adder completely misses you. The adder bites you.
You die...
Xom roars with laughter!

. #..
#.#..
##.#S.
r....
..§.
#§§##
#§S§#
#@# #S#
.§§
.§.§.
##..#§#
#..#.#
#..#?#
##(# #


You could see 2 adders.

Vanquished Creatures
  An adder (D:2)
  A worm (D:2)
  2 dart slugs
  2 leopard geckos (D:1)
  3 bats
  2 hobgoblins (D:1)
  4 frilled lizards
  2 goblins (D:1)
  6 kobolds
  5 rats
28 creatures vanquished.

Notes
Turn   | Place    | Note
-------+----------+-------------------------------------------
     0 | D:1      | Harbin the Halfling Hunter began the quest for the Orb.
     0 | D:1      | Reached XP level 1. HP: 14/14 MP: 1/1
   172 | D:1      | Reached XP level 2. HP: 18/19 MP: 2/2
   196 | D:1      | Reached skill level 6 in Slings
   462 | D:1      | Reached skill level 1 in Short Blades
   705 | D:1      | Reached XP level 3. HP: 13/24 MP: 3/3
  1507 | D:2      | Found a hide-covered altar of Uskayaw.
  1509 | D:2      | Found a hazy altar of Hepliaklqana.
  1509 | D:2      | Found a stormy altar of Qazlal.
  1511 | D:2      | Found an iron altar of Okawaru.
  1511 | D:2      | Found a shimmering altar of Xom.
  1511 | D:2      | Found an iron altar of Okawaru.
  1555 | D:2      | Became a worshipper of Xom of Chaos
  1607 | D:2      | You fall into a shaft and drop 2 floors!
  1621 | D:3      | XOM: silly message
  1629 | D:3      | Slain by an adder

Illustrated notes

Levels and vault maps discovered:
D:1:      lemuel_arrival_room, layout_loops_ring, kennysheep_decorative_pillar
D:2:      layout_rooms, doesnt_xom_only_xom
D:3:      layout_loops_cross, lemuel_doored_altar, fedhas_altar_3
D:4:      layout_basic, grunt_temple_overflow_open, first_ration, serial_shops,
          nicolae_shop_behind_doors, grunt_ministairs_4

Skill      XL: |  1  2  3 |
---------------+----------+-----
Slings         | 6 |  6.2
Fighting       | 2 |  2.2
Short Blades   | 1 |  1.4
Stealth        | 2 |  2.0
Dodging        | |  2.7

Action                   || total
-------------------------++-------
Melee: Short sword       ||    62
 Fire: Hunting sling     ||    50
Throw: Stone             ||    22
  Use: Scroll            ||     5
       Potion            ||     1
  Eat: Chunk             ||     2
Armor: Leather armour    ||    12
Dodge: Dodged            ||    85

Table legend:
 A = Non-vault XP
 B = Vault XP
 C = Vault XP percentage of total XP
 D = Non-vault monster count
 E = Vault monster count
 F = Vault count percentage of total count
                 A         B        C        D         E       F
            +---------+---------+-------+---------+---------+-------
      Total |      63 |       0 |   0.0 |      28 |       0 |   0.0
            +---------+---------+-------+---------+---------+-------
        D:1 |      34 |       0 |   0.0 |      20 |       0 |   0.0
        D:2 |      29 |       0 |   0.0 |       8 |       0 |   0.0
            +---------+---------+-------+---------+---------+-------
